Map: Emerald City CE

Players

Ekelpack

  • Race: Zerg Zerg
  • Spawn Location: 5:00

Nyck

  • Race: Terran Terran
  • League: Silver
  • Spawn Location: 5:00

Beagle - Winner!

  • Race: Protoss Protoss
  • League: Diamond
  • Spawn Location: 11:00

Würmchen - Winner!

  • Race: Zerg Zerg
  • League: Diamond
  • Spawn Location: 11:00

VOD

Have the link to the VOD?

Description

Time

  • Played on: Oct. 29, 2024, 3:28 p.m.
  • Length: 10:13
Show
View Real Time Build Order
Export as new Build Order

Ekelpack Zerg 

Build Orders: Hatch First 

Get SALT Encoding   

  12  0:00  Drone  
  13  0:12  Overlord  
  13  0:17  Drone  
  14  0:31  Drone  
  15  0:48  Hatchery  
  15  0:50  Drone  
  15  1:07  Spawning Pool  
  15  1:08  Drone  
  15  1:17  Extractor  
  15  1:18  Drone x2  
  16  1:21  Drone  
  17  1:42  Drone x2  
  19  1:53  Drone  
  19  1:54  Queen  
  20  2:00  Queen  
  24  2:05  Zergling x2  
  24  2:08  Drone  
  26  2:15  Drone x2  
  28  2:24  Overlord  
  28  2:33  Lair  
  28  2:43  Drone x2  
  30  2:45  Drone x3  
  30  2:48  Extractor  
  32  3:01  Drone x2  
  32  3:04  Extractor  
  32  3:14  Zergling x6  
  32  3:15  Overlord  
  35  3:25  Metabolic Boost  
  35  3:27  Overlord  
  35  3:38  Drone x4  
  35  3:39  Drone x4  
  43  3:43  Spire  
  43  3:46  Drone x2  
  43  3:47  Drone  
  45  3:53  Drone, Extractor  
  45  4:05  Drone  
  45  4:06  Overlord x2  
  46  4:20  Drone x2  
  46  4:22  Overlord x2  
  48  4:38  Queen  
  46  4:45  Zergling x6  
  35  4:54  Zergling x6  
  35  4:56  Mutalisk x3  
  39  5:13  Zergling x8  
  40  5:20  Mutalisk  
  42  5:38  Pneumatized Carapace  
  40  5:43  Drone x2  
  40  5:44  Drone x4  
  46  5:57  Hydralisk Den  
  46  5:59  Drone x4  
  46  6:00  Drone x2  
  51  6:12  Drone  
  51  6:13  Drone x3  
  55  6:27  Grooved Spines  
  55  6:29  Evolution Chamber  
  54  6:37  Drone x2  
  56  6:41  Hydralisk x4  
  64  6:49  Hydralisk x2  
  68  6:57  Hydralisk x2  
  68  7:00  Hydralisk  
  74  7:04  Hydralisk  
  76  7:12  Hydralisk x2  
  80  7:17  Hydralisk  
  80  7:20  Overlord  
  82  7:26  Hydralisk  
  84  7:31  Zerg Missile Weapons Level 1  
  84  7:33  Muscular Augments  
  84  7:39  Hydralisk x2  
  88  7:46  Hydralisk  
  88  7:47  Hydralisk  
  92  8:18  Overlord x2  
  92  8:31  Spore Crawler, Drone  
  92  8:32  Spore Crawler  
  91  8:34  Spore Crawler  
  91  8:36  Drone x2  
  91  8:37  Spore Crawler  
  91  8:38  Drone  
  92  8:49  Overlord x2  
  92  8:50  Hydralisk x2  
  92  8:51  Hydralisk x4  
  104  8:59  Overlord  
  104  9:09  Hydralisk x2  
  108  9:22  Hydralisk x3  
  108  9:23  Hydralisk x2  
Show
View Real Time Build Order
Export as new Build Order

Nyck Terran 

Build Orders: Command Center First 

Get SALT Encoding   

  12  0:00  SCV  
  13  0:12  SCV  
  14  0:17  Supply Depot  
  14  0:25  SCV  
  15  0:39  SCV  
  16  1:02  Command Center  
  16  1:04  SCV  
  17  1:15  Barracks  
  17  1:17  SCV  
  18  1:30  SCV  
  19  2:03  Orbital Command  
  18  2:17  Marine  
  19  2:23  Command Center  
  19  2:34  SCV  
  20  2:37  Refinery  
  20  2:39  Refinery  
  20  2:42  Marine  
  21  2:46  SCV  
  23  2:54  Orbital Command  
  22  3:00  Marine  
  22  3:03  SCV  
  24  3:15  SCV  
  24  3:18  Bunker  
  25  3:27  SCV  
  25  3:30  SCV  
  27  3:37  Orbital Command  
  27  3:39  SCV  
  27  3:41  Barracks  
  28  3:42  SCV  
  29  3:51  SCV  
  29  3:52  Refinery  
  29  3:53  Refinery  
  29  3:54  SCV  
  31  3:55  Marine  
  32  4:03  SCV x2  
  32  4:06  SCV  
  35  4:13  Factory  
  35  4:15  SCV x2  
  35  4:16  Supply Depot  
  37  4:20  Engineering Bay  
  37  4:21  SCV  
  38  4:27  SCV  
  38  4:28  SCV  
  40  4:33  SCV  
  40  4:38  Supply Depot  
  41  4:39  SCV  
  41  4:40  SCV  
  41  4:56  Marine  
  24  5:10  SCV x3  
  18  5:14  Marine  
  14  5:22  SCV x2  
  10  5:32  SCV, Marine  
  10  5:34  SCV x2  
  14  5:44  SCV  
  14  5:46  SCV x2  
  17  5:50  Marine  
  17  5:56  SCV  
  19  5:58  SCV  
  20  6:07  Marine  
  21  6:14  SCV x3  
  21  6:17  Terran Infantry Weapons Level 1  
  25  6:19  Engineering Bay  
  25  6:25  Barracks  
  25  6:28  Barracks Tech Lab  
  25  6:29  Barracks Reactor  
  25  6:31  SCV x3  
  27  6:43  SCV x3  
  27  6:45  Terran Infantry Armor Level 1  
  30  6:50  Combat Shield  
  30  6:55  SCV x3  
  33  7:04  Marauder  
  33  7:07  SCV x3  
  38  7:08  Starport  
  38  7:12  Cyclone  
  40  7:19  SCV x3  
  40  7:21  Marine x2  
  45  7:31  SCV x3  
  48  7:40  Marauder  
  48  7:41  Marine  
  48  7:43  SCV x2, Marine  
  48  7:44  SCV  
  55  7:45  Marine, Hellion  
  55  7:47  Medivac  
  60  7:55  SCV x2  
  60  7:56  SCV  
  55  8:07  Cyclone  
  57  8:21  Missile Turret  
  57  8:22  Missile Turret  
  57  8:25  Missile Turret  
  55  8:27  Missile Turret  
  48  8:39  Cyclone  
  42  8:44  SCV x3  
  42  8:48  Missile Turret  
  43  8:56  SCV x3  
  46  9:08  SCV x3  
  49  9:20  SCV x2  
  49  9:21  SCV, Factory Reactor  
  52  9:32  SCV  
  52  9:33  SCV x2  
  55  9:39  Starport  
  55  9:40  Starport Reactor  
  55  9:44  SCV  
  55  9:45  SCV x2, Marine x2  
  59  9:46  Marauder  
  62  9:56  Armory  
  62  9:57  SCV x3  
Show
View Real Time Build Order
Export as new Build Order

Beagle Protoss - Winner!

Build Orders: Oracle Opening 

Get SALT Encoding   

  12  0:02  Probe  
  13  0:14  Probe  
  14  0:19  Pylon  
  14  0:26  Probe (Chrono Boost)  
  15  0:38  Probe (Chrono Boost)  
  16  0:44  Gateway  
  16  0:46  Probe (Chrono Boost)  
  17  0:52  Probe  
  17  0:55  Assimilator  
  18  0:59  Assimilator  
  18  1:04  Probe (Chrono Boost)  
  19  1:16  Probe (Chrono Boost)  
  20  1:22  Probe (Chrono Boost)  
  21  1:30  Probe, Pylon  
  22  1:43  Probe  
  23  1:53  Nexus  
  23  1:55  Probe  
  24  2:02  Pylon  
  24  2:09  Probe  
  25  2:20  Cybernetics Core  
  25  2:21  Probe  
  26  2:33  Probe  
  26  2:36  Zealot  
  29  2:46  Pylon  
  29  2:57  Warp Gate  
  28  3:01  Stargate  
  28  3:03  Stargate  
  28  3:06  Stalker  
  28  3:10  Probe (Chrono Boost)  
  28  3:11  Probe (Chrono Boost)  
  34  3:20  Probe (Chrono Boost)  
  34  3:21  Probe (Chrono Boost)  
  35  3:27  Assimilator  
  35  3:28  Probe (Chrono Boost)  
  35  3:29  Probe (Chrono Boost)  
  36  3:35  Probe (Chrono Boost)  
  36  3:36  Probe (Chrono Boost)  
  36  3:38  Assimilator  
  38  3:48  Oracle, Probe (Chrono Boost)  
  43  3:52  Probe (Chrono Boost)  
  43  3:54  Oracle  
  46  3:58  Probe  
  47  4:06  Probe  
  47  4:09  Pylon  
  48  4:10  Probe  
  49  4:18  Probe  
  49  4:22  Probe  
  51  4:27  Phoenix  
  51  4:30  Probe  
  54  4:31  Phoenix  
  54  4:32  Forge  
  56  4:41  Stargate  
  56  4:43  Probe  
  56  4:44  Probe  
  58  4:56  Protoss Air Weapons Level 1  
  58  5:05  Phoenix x2  
  62  5:23  Stargate  
  62  5:34  Phoenix x2  
  66  5:48  Phoenix  
  68  5:53  Pylon  
  68  5:57  Pylon  
  68  5:58  Probe x2  
  68  5:59  Cybernetics Core  
  68  6:01  Pylon  
  68  6:04  Photon Cannon  
  70  6:09  Pylon  
  70  6:11  Probe, Phoenix x3  
  77  6:25  Nexus  
  77  6:27  Pylon  
  77  6:40  Fleet Beacon  
  77  6:42  Photon Cannon  
  77  6:44  Phoenix, Photon Cannon  
  79  6:48  Protoss Air Armor Level 1 (Chrono Boost)  
  79  6:53  Photon Cannon  
  79  7:03  Phoenix x2  
  79  7:05  Photon Cannon  
  83  7:18  Probe x2  
  83  7:21  Anion Pulse-Crystals (Chrono Boost)  
  85  7:30  Probe  
  85  7:31  Probe  
  87  7:40  Assimilator  
  87  7:42  Probe  
  87  7:43  Probe  
  87  7:44  Assimilator, Protoss Air Weapons Level 2 (Chrono Boost)  
  89  8:14  Probe  
  89  8:15  Probe x2  
  92  8:25  Phoenix x4  
  92  8:26  Probe  
  101  8:27  Probe x2  
  103  8:38  Probe  
  103  8:39  Probe  
  105  8:50  Phoenix x4  
  113  9:02  Nexus  
  113  9:05  Pylon  
  113  9:08  Pylon  
  113  9:32  Photon Cannon  
  113  9:34  Photon Cannon  
  113  9:35  Photon Cannon  
  113  9:37  Photon Cannon  
  113  9:38  Photon Cannon  
  113  9:40  Assimilator  
  113  9:44  Phoenix x2  
  113  9:45  Assimilator, Phoenix x2  
  121  9:58  Stargate  
  121  10:00  Stargate  
  121  10:01  Stargate  
Show
View Real Time Build Order
Export as new Build Order

Würmchen Zerg - Winner!

Build Orders: Hatch First 

Get SALT Encoding   

  12  0:02  Drone  
  13  0:21  Overlord  
  13  0:23  Drone  
  14  0:40  Drone x2  
  16  1:01  Drone x2  
  18  1:04  Hatchery  
  17  1:18  Spawning Pool, Extractor  
  17  1:20  Drone x2  
  17  1:32  Drone  
  18  1:42  Drone  
  19  1:49  Overlord  
  19  2:08  Queen  
  19  2:12  Zergling x2  
  19  2:13  Zergling x2  
  23  2:17  Queen  
  23  2:18  Drone  
  23  2:21  Metabolic Boost  
  26  2:27  Zergling x2  
  27  2:33  Drone x2  
  29  2:44  Drone  
  29  2:50  Zergling x2  
  29  2:51  Zergling x2  
  32  2:52  Hatchery  
  31  3:10  Drone x3  
  34  3:15  Lair  
  35  3:20  Zergling x4  
  35  3:22  Overlord x2  
  36  3:39  Zergling x2, Evolution Chamber  
  36  3:42  Zergling x8  
  36  3:44  Zergling x4  
  36  3:45  Zergling x2  
  43  3:52  Drone  
  44  4:04  Drone x4  
  44  4:05  Queen  
  44  4:07  Drone  
  51  4:15  Drone x3  
  51  4:51  Drone x7  
  56  5:07  Drone x5  
  58  5:13  Zerg Melee Weapons Level 1, Baneling Nest  
  53  5:19  Evolution Chamber  
  50  5:32  Spore Crawler  
  50  5:33  Spore Crawler  
  50  5:34  Spore Crawler, Drone x8  
  55  5:46  Drone x2  
  55  5:49  Extractor  
  56  5:50  Queen, Extractor  
  56  5:54  Hydralisk Den  
  56  5:56  Hatchery  
  55  6:00  Extractor  
  55  6:02  Drone x3  
  57  6:17  Overlord x4  
  57  6:18  Overlord x2  
  57  6:21  Zerg Ground Armor Level 1  
  57  6:37  Zergling x2  
  57  6:38  Zergling x16  
  66  6:53  Drone x7  
  73  7:04  Zergling x12  
  79  7:13  Drone x7  
  79  7:15  Baneling x4  
  86  7:16  Baneling x2  
  86  7:19  Centrifugal Hooks  
  86  7:20  Grooved Spines  
  86  7:24  Drone x3  
  86  7:25  Drone x2  
  86  7:26  Extractor  
  90  7:32  Hydralisk  
  90  7:33  Hydralisk x2  
  96  7:37  Hydralisk x2  
  100  7:50  Hatchery  
  99  7:54  Zergling x2  
  99  7:55  Zergling x20  
  110  8:03  Overlord x4  
  110  8:11  Muscular Augments, Infestation Pit  
  109  8:16  Extractor  
  109  8:17  Drone x4, Extractor  
  111  8:22  Baneling x10  
  111  8:23  Baneling x9  
  111  8:26  Drone x3  
  114  8:30  Drone x4  
  114  8:31  Drone x6  
  124  8:39  Drone x6  
  130  8:59  Zergling x2  
  130  9:00  Zergling x22  
  142  9:10  Overlord x3  
  142  9:11  Overlord x3  
  142  9:20  Extractor  
  141  9:25  Overlord x7  
  141  9:26  Overlord  
  141  9:28  Queen  
  141  9:30  Hydralisk x4  
  151  9:50  Baneling  
  151  9:51  Baneling x24  
Tags
 
Add a new tag
Caveats
  • Supply blocks, unpowered buildings, or Contaminate may cause inaccurate times.
  • Supply counts are checked every 10 seconds.